 Dungeon Crawl Stone Soup version 0.32-a0-675-gdc239d62e1 (webtiles) character file.

Game seed: 7641700408139486110

655 zenocrate the Digger (level 7, -1/46 HPs)
             Began as an Octopode Earth Elementalist on Mar 12, 2024.
             Slain by a gnoll
             ... wielding a +0 spear
             ... led by a gnoll sergeant
              (8 damage)
             ... on level 4 of the Dungeon.
             The game lasted 00:04:07 (2711 turns).

zenocrate the Digger (Octopode Earth Elementalist)  Turns: 2711, Time: 00:04:08

Health: -1/46      AC:  1    Str:  7    XL:     7   Next: 54%
Magic:  10/13      EV: 13    Int: 25    God:
Gold:   222        SH:  0    Dex: 12    Spells: 4/14 levels left

rFire   . . .        b - +5 long sword of Ymu Yxac {freeze, *Slow Fly rPois Int+5}
rCold   + . .        (no shield)
rNeg    . . .        (helmet restricted)
rPois   +            h - amulet of regeneration
rElec   .            p - ring of protection from cold
rCorr   .            (no ring)
SInv    .            (no ring)
Will    .....        (no ring)
Stlth   ++++         (no ring)
HPRegen 1.07/turn    (no ring)
MPRegen 0.13/turn    (no ring)
                     (no ring)

%: slow self (1%)
@: flying
A: almost no armour, amphibious, 8 rings, camouflage 1, gelatinous body 1,
nimble swimmer 1, tentacles
a: no special abilities


You were on level 4 of the Dungeon.
You visited 1 branch of the dungeon, and saw 4 of its levels.

You collected 222 gold pieces.

Inventory:

Hand Weapons
 b - the +5 long sword of Ymu Yxac (weapon) {freeze, *Slow Fly rPois Int+5}
   (You found it on level 4 of the Dungeon)

   Int+5:     It affects your intelligence (+5).
   rPois:     It protects you from poison.
   Fly:       It grants you flight.
   *Slow:     It may slow you when you take damage.
 t - the +8 long sword of Peraliq {heavy, Str-5 Int+6 Dex+2}
   (You found it on level 3 of the Dungeon)

   Str-5:     It affects your strength (-5).
   Int+6:     It affects your intelligence (+6).
   Dex+2:     It affects your dexterity (+2).
Armour
 o - an orb of guile
Magical Staves
 a - a staff of earth
Jewellery
 h - an amulet of regeneration (around mantle)
 p - a ring of protection from cold (left tentacle)
Talismans
 k - a maw talisman
Wands
 u - a wand of mindburst (21)
 v - a wand of polymorph (10)
Scrolls
 c - a scroll of torment {unknown}
 e - 4 scrolls of teleportation {unknown}
 f - a scroll of fear {unknown}
 i - a scroll of silence {unknown}
 j - a scroll of immolation {unknown}
 m - 2 scrolls of identify {unknown}
 q - a scroll of vulnerability {unknown}
 r - a scroll of brand weapon {unknown}
Potions
 d - a potion of magic
 g - a potion of cancellation {unknown}
 l - a potion of ambrosia {unknown}
 n - 3 potions of curing
 s - a potion of heal wounds {unknown}


   Skills:
 - Level 3.3 Fighting
 - Level 2.0 Dodging
 - Level 2.6 Stealth
 + Level 4.1 Spellcasting
 + Level 4.0 Conjurations
 * Level 5.0 Earth Magic


You had 4 spell levels left.
You knew the following spells:

 Your Spells              Type           Power      Damage    Failure   Level
a - Stone Arrow           Conj/Erth      56%        3d10      4%          3
b - Sandblast             Erth           60%        2d14      1%          1
y - Swiftness             Air            5%         N/A       26%         3
z - Passwall              Erth           30%        N/A       3%          3

Your spell library contained the following spells:

 Spells                   Type           Power      Damage    Failure   Level
 Ensorcelled Hibernation  Hex/Ice        10%        N/A       14%         2
 Brom's Barrelling Bould  Conj/Erth      28%        2d5       14%         4
 Petrify                  Alch/Erth      17%        N/A       30%         4
 Lehudib's Crystal Spear  Conj/Erth      14%        10d5      100%        8
 Animate Armour           Summ/Erth      Unusable   N/A       N/A         4

Dungeon Overview and Level Annotations

Branches:
Dungeon (4/15)
 Temple: D:4-7

Altars:
Hepliaklqana
Makhleb
Xom

Annotations:
D:4 3 runed translucent doors, kd29's ghost, amateur OpSh


Innate Abilities, Weirdness & Mutations

You cannot wear most types of armour.
You are amphibious.
You can wear up to eight rings at the same time.
Your skin changes colour to match your surroundings (Stealth+).
Your rubbery body absorbs attacks. (AC +1, EV +1)
You are camouflaged when in or above water. (Stealth+)
You have tentacles for arms and can constrict up to eight enemies at once.


Message History

No target in view!
The kobold brigand shouts!
Kd29's ghost turns its malevolent gaze towards you.
You hear a shout! x4
Kd29's ghost whispers, "Death is liberation."
The kobold shouts! x3
Found a war axe.
Key pressed, stopping explore.
No reachable target in view!
Things that are here:
a +0 dagger; 3 poisoned darts You see here a hobgoblin corpse.
There is an open door here.
You reach down and open the door.
A gnoll sergeant and 3 gnolls come into view.
The gnoll shouts! x2; The gnoll sergeant shouts!
The gnoll closely misses you.
The gnoll shouts!
Found a sling.
The gnoll hits you with a +0 spear! The gnoll hits you with a +0 halberd!
The gnoll sergeant misses you.
There is an open door, spattered with blood here.
There are monsters nearby!
The gnoll closely misses you. The gnoll misses you.
The gnoll sergeant closely misses you.
Casting: Stone Arrow (dangerous; 4% risk of failure)
Confirm with . or Enter, or press ? or * to list all spells.
Aiming: Stone Arrow (dangerous; 4% risk of failure)
Press: ? - help, Shift-Dir - straight line, f - gnoll sergeant
Aim: a gnoll sergeant, wielding a +0 spear and wearing a +0 scale mail (79% to hit)
The stone arrow hits the gnoll sergeant.
The gnoll sergeant is lightly wounded.
The gnoll misses you.
The gnoll hits you from afar with a +0 halberd!
The gnoll sergeant hits you from afar with a +0 spear!
* * * LOW HITPOINT WARNING * * *
Unknown command.
Unknown command.
The gnoll hits you from afar with a +0 spear!
You die...

########### #≈≈≈≈≈≈≈≈≈#
#≈##≈≈≈##≈# ######@#######≈# #
#.....≈≈#g..#≈≈###### #
#########.......gg.)#≈≈.....###
#.............≈≈#g..#≈≈........
#.##..........≈#######≈........
#.#..<........≈##≈≈≈##≈###.....
#.#.......÷...≈≈≈≈≈≈≈≈≈........
#.#.......#)...#####.#####.....
#.###.#.#.#....# #.########.#


You could see 3 gnolls.

Vanquished Creatures
  Sigmund (D:4)
  A black bear (D:4)
  An ogre (D:4)
  A bombardier beetle (D:3)
  A crimson imp (D:4)
  2 hounds
  Natasha (thrice) (D:4)
  A gnoll (D:1)
  2 adders (D:2)
  2 ribbon worms
  3 dart slugs
  2 orcs
  10 ball pythons
  6 endoplasms
  5 giant cockroaches
  5 goblins
  7 hobgoblins
  4 quokkas
  4 bats
  5 frilled lizards
  7 kobolds
  7 rats
80 creatures vanquished.

Notes
Turn   | Place    | Note
-------+----------+-------------------------------------------
     0 | D:1      | zenocrate the Octopode Earth Elementalist began the quest
                  | for the Orb.
     0 | D:1      | Reached XP level 1. HP: 11/11 MP: 3/3
    62 | D:1      | Reached XP level 2. HP: 14/17 MP: 0/5
   411 | D:1      | Reached XP level 3. HP: 18/21 MP: 6/6
   415 | D:1      | Learned a level 3 spell: Stone Arrow
  1008 | D:2      | Reached XP level 4. HP: 27/27 MP: 7/7
  1012 | D:2      | Learned a level 3 spell: Passwall
  1117 | D:2      | Reached skill level 1 in Fighting
  1403 | D:3      | Identified the +8 long sword of Peraliq {heavy, Str-5 Int+6
                  | Dex+2}
  1505 | D:3      | Found a hazy altar of Hepliaklqana.
  1563 | D:3      | Reached XP level 5. HP: 33/33 MP: 9/9
  1923 | D:4      | Reached skill level 4 in Earth Magic
  2110 | D:4      | Identified the +5 long sword of Ymu Yxac {freeze, *Slow Fly
                  | rPois Int+5}
  2115 | D:4      | Noticed a black bear
  2123 | D:4      | Killed a black bear
  2124 | D:4      | Reached XP level 6. HP: 14/41 MP: 0/11
  2245 | D:4      | Noticed Natasha
  2249 | D:4      | Killed Natasha
  2313 | D:4      | Noticed Natasha
  2318 | D:4      | Killed Natasha
  2319 | D:4      | Reached XP level 7. HP: 45/45 MP: 10/12
  2348 | D:4      | Noticed Sigmund
  2355 | D:4      | Killed Sigmund
  2417 | D:4      | Learned a level 3 spell: Swiftness
  2428 | D:4      | Noticed Natasha
  2431 | D:4      | Killed Natasha
  2515 | D:4      | Found a burning altar of Makhleb.
  2519 | D:4      | Reached skill level 5 in Earth Magic
  2542 | D:4      | Found a shimmering altar of Xom.
  2640 | D:4      | Noticed kd29's ghost (amateur OpSh)
  2641 | D:4      | Found a runed translucent gate.
  2641 | D:4      | Found a runed translucent gate.
  2641 | D:4      | Found a runed translucent gate.
  2711 | D:4      | Slain by a gnoll

Illustrated notes

Levels and vault maps discovered:
D:1:      dpeg_arrival_pits, layout_basic
D:2:      layout_rooms
D:3:      layout_rooms, nzn_hepliaklqana_mist_gate
D:4:      layout_basic, grunt_temple_overflow_champion_of_chaos,
          gammafunk_ghost_nasty_kobolds, lightli_minifort, uniq_sigmund,
          uniq_natasha

Skill      XL: |  1  2  3  4  5  6  7 |
---------------+----------------------+-----
Conjurations   | 2 3 4 |  4.0
Fighting       | 1 2 3 |  3.3
Spellcasting   | 3 4 |  4.1
Earth Magic    | 4 5 |  5.0
Dodging        | |  2.0
Stealth        | |  2.6

Action                     |  1- 3 |  4- 6 |  7- 9 || total
---------------------------+-------+-------+-------++-------
  Melee: Unarmed           |    22 |       |       ||    22
         Tentacles         |    16 |    10 |       ||    26
         Constrict         |    14 |    22 |     1 ||    37
         Dagger            |    31 |    13 |       ||    44
         Staff             |       |    37 |       ||    37
         Long sword        |       |    13 |     5 ||    18
   Cast: Sandblast         |     9 |    12 |       ||    21
         Stone Arrow       |       |     6 |     6 ||    12
    Use: Potion            |       |     1 |       ||     1
   Stab: Sleeping          |     9 |     4 |       ||    13
 Armour: Skin              |    21 |    46 |     8 ||    75
  Dodge: Dodged            |    35 |    57 |     7 ||    99

Table legend: (Time is in decaauts)
 A = Elapsed time spent in this place.
 B = Non-inter-level travel time spent in this place.
 C = Inter-level travel time spent in this place.
 D = Time resting spent in this place.
 E = Time spent auto-exploring this place.
 F = Levels seen in this place.
 G = Mean time per level.
                   A        B        C        D        E       F      G
               +--------+--------+--------+--------+--------+-----+--------+
         Total |   2734 |   2679 |     55 |      0 |   2063 |   4 |  683.5 |
       Dungeon |   2734 |   2679 |     55 |      0 |   2063 |   4 |  683.5 |
               +--------+--------+--------+--------+--------+-----+--------+

Top non-repeatable levels by time:
     D:4: 821 daAuts
     D:1: 818 daAuts
     D:2: 586 daAuts
     D:3: 508 daAuts
